 Dungeon Crawl Stone Soup version 0.31-a0-844-gdc52ec4e09 (webtiles) character file.

Game seed: 4746337386002796411

165 Dirtsage the Chopper (level 5, 41/41 HPs)
             Began as a Demonspawn Berserker on Sept 28, 2023.
             Was a Believer of Trog.
             Quit the game on level 3 of the Dungeon.
             The game lasted 00:04:54 (1895 turns).

Dirtsage the Chopper (Demonspawn Berserker)         Turns: 1895, Time: 00:04:55

Health: 41/41      AC:  6    Str: 19    XL:     5   Next: 22%
Magic:  5/5        EV: 11    Int:  8    God:    Trog [**....]
Gold:   149        SH:  4    Dex: 13    Spells: 4/4 levels left

rFire   . . .        a - +0 hand axe
rCold   . . .        (no shield)
rNeg    . . .        l - +0 ring mail
rPois   .            (no helmet)
rElec   .            p - +0 cloak
rCorr   .            (no gloves)
SInv    .            (no boots)
Will    .....        (no amulet)
Stlth   +            (no ring)
HPRegen 0.26/turn    (no ring)
MPRegen 0.09/turn

%: no passive effects
@: no status effects
A: claws 1, demonic guardian 1, condensation shield
a: Renounce Religion, Berserk, Trog's Hand


You were on level 3 of the Dungeon.
You worshipped Trog.
Trog was pleased with you.
You visited 1 branch of the dungeon, and saw 3 of its levels.

You collected 149 gold pieces.

Inventory:

Hand Weapons
 a - a +0 hand axe (weapon)
Armour
 b - a +0 animal skin
 j - a +0 tower shield
 l - a +0 ring mail (worn)
 p - a +0 cloak (worn)
Scrolls
 d - a scroll of amnesia {unknown}
 f - a scroll of noise {unknown}
 g - a scroll of revelation {unknown}
 h - a scroll of identify {unknown}
 i - 2 scrolls of fear {unknown}
 m - a scroll of enchant weapon {unknown}
 q - a scroll of poison {unknown}
Potions
 c - a potion of lignification {unknown}
 e - a potion of brilliance {unknown}
 k - a potion of magic {unknown}
 n - a potion of ambrosia {unknown}
 o - a potion of haste {unknown}


   Skills:
 - Level 3.0 Fighting
 + Level 5.4 Axes
 - Level 1.7 Armour
 - Level 1.7 Dodging


You had 4 spell levels left.
You didn't know any spells.
Your spell library contained the following spells:

 Spells                   Type           Power      Damage    Failure   Level
 Blink                    Tloc           0%         N/A       75%         2
 Manifold Assault         Tloc           0%         N/A       100%        4


Dungeon Overview and Level Annotations

Branches:
Dungeon (3/15)

Altars:

Shops:
D:1 !   D:3 =*


Innate Abilities, Weirdness & Mutations

You have sharp fingernails.
A weak demonic guardian rushes to your aid.
A meltable shield of frost defends you. (SH +4)


Message History

You take 15 damage, and have 22/52 hp.
MASSIVE DAMAGE!!
You slash the orc priest!
The orc priest is heavily wounded.
The orc priest barely misses you.
You barely miss the orc priest.
The orc priest is heavily wounded.
You hit the orc. You barely miss the orc priest.
The orc priest is heavily wounded.
You hit the orc.
You kill the orc!
Trog accepts your kill. The orc priest hits you with a +0 club.
You have reached level 5!
Your demonic ancestry asserts itself...
Frost condenses into a shield before you.
You regained 2 hp, and now have 24/61 hp.
MP restored: 5 You slash the orc priest!
You kill the orc priest!
Trog accepts your kill.
You are no longer berserk.
You are exhausted.
You feel yourself slow down.
Things that are here:
a +0 club; a +0 whip You now have 16/41 hp.
You start resting.
You feel yourself speed up.
You regained 7 hp, and now have 23/41 hp.
You start resting.
You recover from your berserk rage.
You regained 3 hp, and now have 26/41 hp.
You start resting.
HP restored.
Health restored: 41 Autopickup is now off.
Autopickup is now on.
Unknown command.
Are you sure you want to abandon this character and quit the game? (Confirm with "yes".)

#...................
###########.........
##....'.........
###..####.........
#....# ###.#.####
#.####### #.#.#
#.#.....8 #.#.#
#.).≈≈≈..##<#.#
#@§§§≈≈≈.#....#
#..≈§≈≈≈∩######
##§≈§≈≈§. .§§§§..
#..§..8 ######


There were no monsters in sight!

Vanquished Creatures
  2 orc priests (D:3)
  5 adders (D:2)
  2 worms (D:2)
  A dart slug (D:1)
  6 orcs
  5 bats
  An endoplasm (D:2)
  2 giant cockroaches
  4 goblins
  6 hobgoblins
  2 quokkas (D:2)
  3 ball pythons
  2 frilled lizards
  6 kobolds
  3 rats
50 creatures vanquished.

Vanquished Creatures (collateral kills)
  A ball python (D:2)
1 creature vanquished.

Grand Total: 51 creatures vanquished

Notes
Turn   | Place    | Note
-------+----------+-------------------------------------------
     0 | D:1      | Dirtsage the Demonspawn Berserker began the quest for the
                  | Orb.
     0 | D:1      | Reached XP level 1. HP: 18/18 MP: 1/1
   138 | D:1      | Found Axiguruw's Distillery.
   146 | D:1      | Reached skill level 3 in Axes
   187 | D:1      | Gained mutation: You have sharp fingernails. [demonic
                  | ancestry]
   187 | D:1      | Reached XP level 2. HP: 19/24 MP: 2/2
   556 | D:1      | Saving game... please wait.
   556 | D:1      | Upgraded the game from 0.31-a0-841-g038b102fc3 to
                  | 0.31-a0-844-gdc52ec4e09
   866 | D:2      | Reached ** piety under Trog
   905 | D:2      | Reached skill level 4 in Axes
   905 | D:2      | Gained mutation: A weak demonic guardian rushes to your
                  | aid. [demonic ancestry]
   905 | D:2      | Reached XP level 3. HP: 24/29 MP: 3/3
   984 | D:2      | Found a faded altar of an unknown god.
  1168 | D:2      | Reached XP level 4. HP: 35/35 MP: 4/4
  1763 | D:3      | Found Epleluru's Jewellery Emporium.
  1799 | D:3      | Found Niepnu's General Store.
  1804 | D:3      | Reached skill level 5 in Axes
  1809 | D:3      | Gained mutation: A meltable shield of frost defends you.
                  | (SH +4) [demonic ancestry]
  1809 | D:3      | Reached XP level 5. HP: 24/41 MP: 5/5
  1895 | D:3      | Quit the game

Illustrated notes

Levels and vault maps discovered:
D:1:      lemuel_arrival_behind_the_door_large, layout_basic, serial_shops,
          shop, minmay_tree_intersection
D:2:      layout_basic, hellmonk_ecumenical_altar_pennies_from_heaven,
          minmay_fractal_squares_5
D:3:      layout_basic, serial_shops, shop, shop, shop, shop,
          nicolae_lakefront_shop

Skill      XL: |  1  2  3  4 |
---------------+-------------+-----
Axes           | 3 4 5 |  5.4
Fighting       | |  3.0
Armour         | |  1.7
Dodging        | |  1.7

Action                     |  1- 3 |  4- 6 || total
---------------------------+-------+-------++-------
  Melee: Hand axe          |    96 |    60 ||   156
 Invoke: Berserk           |     2 |     1 ||     3
   Stab: Sleeping          |     1 |       ||     1
 Armour: Animal skin       |    42 |       ||    42
         Ring mail         |    10 |    19 ||    29
  Dodge: Dodged            |    63 |    30 ||    93

Table legend: (Time is in decaauts)
 A = Elapsed time spent in this place.
 B = Non-inter-level travel time spent in this place.
 C = Inter-level travel time spent in this place.
 D = Time resting spent in this place.
 E = Time spent auto-exploring this place.
 F = Levels seen in this place.
 G = Mean time per level.
                   A        B        C        D        E       F      G
               +--------+--------+--------+--------+--------+-----+--------+
         Total |   1929 |   1872 |     57 |     93 |   1456 |   3 |  643.0 |
       Dungeon |   1929 |   1872 |     57 |     93 |   1456 |   3 |  643.0 |
               +--------+--------+--------+--------+--------+-----+--------+

Top non-repeatable levels by time:
     D:2: 917 daAuts
     D:1: 862 daAuts
     D:3: 150 daAuts
